 Dungeon Crawl Stone Soup version 0.29.1-1-gd02db6906a (webtiles) character file.

Game seed: 13416190265725218686

488 Descartes the Shield-Bearer (level 7, -4/54 HPs)
             Began as a Formicid Fighter on Oct 4, 2022.
             Slain by a yak (13 damage)
             ... on level 5 of the Dungeon.
             The game lasted 00:04:01 (2221 turns).

Descartes the Shield-Bearer (Formicid Fighter)      Turns: 2221, Time: 00:04:02

Health: -4/54      AC:  7    Str: 22    XL:     7   Next: 36%
Magic:  7/7        EV:  8    Int:  8    God:
Gold:   65         SH:  9    Dex: 13    Spells: 6/6 levels left

rFire   . . .      SeeInvis +   a - +0 war axe
rCold   . . .      Faith    .   h - +0 kite shield
rNeg    . . .      Spirit   .   b - +0 scale mail
rPois   .          Reflect  .   (helmet unavailable)
rElec   .          Harm     .   (no cloak)
rCorr   .          Rampage  .   (no gloves)
Will    .....                   (no boots)
Stlth   ..........              (no amulet)
HPRegen 0.18/turn               (no ring)
MPRegen 0.10/turn               (no ring)

@: mighty, attractive
A: permanent stasis, dig shafts and tunnels, antennae 3, four strong arms
a: Dig, Shaft Self


You were on level 5 of the Dungeon.
You visited 1 branch of the dungeon, and saw 4 of its levels.

You collected 65 gold pieces.

Inventory:

Hand Weapons
 a - a +0 war axe (weapon)
Missiles
 n - 3 boomerangs
Armour
 b - a +0 scale mail (worn)
 h - a +0 kite shield (worn)
Scrolls
 c - a scroll of enchant armour {unknown}
 e - 3 scrolls of teleportation {unknown}
 i - a scroll of immolation {unknown}
 k - a scroll of brand weapon {unknown}
 l - a scroll of vulnerability {unknown}
 m - a scroll of poison {unknown}


   Skills:
 + Level 4.1 Fighting
 * Level 3.4(4.1) Axes
 * Level 2.3(3.3) Maces & Flails
 * Level 2.1(3.1) Polearms
 + Level 4.0 Armour
 * Level 5.8 Shields
 + Level 1.7 Hexes
 + Level 1.4 Translocations
 + Level 1.5 Evocations


You had 6 spell levels left.
You didn't know any spells.
Your spell library contained the following spells:

 Spells                   Type           Power      Damage    Failure   Level
 Apportation              Tloc           4%         N/A       80%         1
 Necrotise                Necr           0%         1d4       94%         1
 Summon Small Mammal      Summ           0%         N/A       94%         1
 Summon Guardian Golem    Hex/Summ       1%         N/A       99%         3
 Call Canine Familiar     Summ           0%         N/A       100%        3


Dungeon Overview and Level Annotations

Branches:
Dungeon (3/15)

Altars:
Fedhas
Wu Jian

Shops:
D:1 (

Annotations:
D:3 2 runed translucent doors, 101zpm's ghost, amateur DjFE


Innate Abilities, Weirdness & Mutations

You cannot be hasted, slowed, berserked, paralysed or teleported.
You can dig through walls and to a lower floor.
You have a pair of large antennae on your head. (SInv)
Your four strong arms can wield two-handed weapons with a shield.


Message History

Your Translocations skill increases to level 1!
You slash the yak!
The yak is heavily wounded.
The yak gores you!
* * * LOW HITPOINT WARNING * * *
It was a potion of curing.
You feel better. You block the yak's attack.
It was a potion of magic.
Magic courses through your body. The yak gores you but does no damage.
It was a potion of attraction.
You feel attractive to monsters. You block the yak's attack.
You slash the yak!
The yak is severely wounded.
The yak gores you but does no damage.
You barely miss the yak.
The yak is severely wounded.
You block the yak's attack. x2
You slash the yak!
You kill the yak!
The yak snorts and paws the ground.
Your base Polearms skill increases to level 2!
Your Armour skill increases to level 4!
You have reached level 7!
You slash the yak!
The yak is moderately wounded.
The yak gores you.
* * * LOW HITPOINT WARNING * * *
The yak gores you but does no damage.
You barely miss the yak.
The yak is moderately wounded.
The yak barely misses you.
You slash the yak!
The yak is heavily wounded.
The yak gores you!
* * * LOW HITPOINT WARNING * * *
The yak barely misses you.
You feel better. The yak gores you!
* * * LOW HITPOINT WARNING * * *
You feel better. The yak gores you!
You die...

#.####.# #......
#..... #...$ #...
#.. #†# #..... #@#
#..... #Y# ###.....
##Y#########.....[.
#.........##.......
#.....YY..##.......
#.........####.....
#..............#...
#.....###....##.#.#
#.##### #...##.♣.##


You could see 2 yaks.

Vanquished Creatures
  2 yaks (D:5)
  An orc priest (D:3)
  An iguana (D:5)
  7 adders
  3 worms
  A dart slug (D:2)
  7 orcs
  3 ball pythons
  3 bats
  5 endoplasms
  2 giant cockroaches (D:1)
  5 hobgoblins (D:1)
  8 jackals (D:1)
  2 quokkas
  8 frilled lizards
  3 goblins
  4 kobolds
  5 rats
70 creatures vanquished.

Notes
Turn   | Place    | Note
-------+----------+-------------------------------------------
     0 | D:1      | Descartes the Formicid Fighter began the quest for the Orb.
     0 | D:1      | Reached XP level 1. HP: 18/18 MP: 1/1
    86 | D:1      | Reached XP level 2. HP: 12/24 MP: 2/2
   560 | D:1      | Reached XP level 3. HP: 29/29 MP: 3/3
   631 | D:1      | Found Pimarphyw's Antique Weapon Shop.
  1003 | D:2      | Reached XP level 4. HP: 30/36 MP: 4/4
  1456 | D:2      | Reached skill level 1 in Maces & Flails
  1457 | D:2      | Reached skill level 5 in Shields
  1700 | D:2      | Found a faded altar of an unknown god.
  1743 | D:3      | Found a runed translucent door.
  1744 | D:3      | Noticed 101zpm's ghost (amateur DjFE)
  1784 | D:3      | Found a runed translucent door.
  1832 | D:3      | Reached XP level 5. HP: 41/42 MP: 5/5
  1848 | D:3      | Found a blossoming altar of Fedhas.
  1900 | D:3      | Reached skill level 1 in Polearms
  2115 | D:3      | Found an ornate altar of the Wu Jian Council.
  2135 | D:3      | You fall into a shaft and drop 2 floors!
  2135 | D:5      | Entered Level 5 of the Dungeon
  2171 | D:5      | Noticed a yak
  2171 | D:5      | Noticed a yak
  2172 | D:5      | Noticed a yak
  2207 | D:5      | Reached skill level 1 in Hexes
  2207 | D:5      | Reached skill level 1 in Evocations
  2207 | D:5      | Reached XP level 6. HP: 27/48 MP: 6/6
  2207 | D:5      | Noticed a yak
  2209 | D:5      | Killed a yak
  2210 | D:5      | Reached skill level 1 in Translocations
  2216 | D:5      | Killed a yak
  2217 | D:5      | Reached XP level 7. HP: 19/54 MP: 7/7
  2221 | D:5      | Slain by a yak

Illustrated notes

Levels and vault maps discovered:
D:1:      minmay_arrival_glassed_features, layout_loops_ring, serial_shops,
          nicolae_shop_behind_doors, minmay_misc_feat_four_crosses
D:2:      layout_basic, nicolae_ecumenical_lake_church
D:3:      layout_rooms, mainiacjoe_overflow_alcove_2,
          mainiacjoe_overflow_tiny_flanked, mainiacjoe_overflow_chevrons,
          nicolae_overflow_hidden_temple, ebering_ghost_sewer_f, uniq_sigmund
D:5:      layout_basic, grunt_decor_mini_mirrors, amethyst_killhole

Skill      XL: |  1  2  3  4  5  6 |
---------------+-------------------+-----
Maces & Flails | 1 2 |  2.3
Shields        | 5 |  5.8
Polearms       | 1 2 |  2.1
Hexes          | 1 |  1.7
Evocations     | 1 |  1.5
Fighting       | 4 |  4.1
Axes           | 3 |  3.4
Translocations | 1 |  1.4
Armour         | 4 |  4.0

Action                   |  1- 3 |  4- 6 |  7- 9 || total
-------------------------+-------+-------+-------++-------
Melee: War axe           |    83 |    91 |     3 ||   177
  Use: Potion            |       |     4 |     2 ||     6
Armor: Scale mail        |    40 |    42 |     1 ||    83
Dodge: Dodged            |    31 |    31 |     2 ||    64
Block: Buckler           |    10 |       |       ||    10
       Kite shield       |    16 |    66 |       ||    82
